Map: King's Cove LE

Players

Kelazhur

  • Race: Terran Terran
  • League: Master
  • Spawn Location: 11:00

VITmaru (Maru) - Winner!

  • Race: Terran Terran
  • Spawn Location: 5:00

Event: HomeStory Cup XXVI

VOD

Have the link to the VOD?

Description

Time

  • Played on: Nov. 29, 2024, 11:37 a.m.
  • Length: 13:28
Show
View Real Time Build Order
Export as new Build Order

Kelazhur Terran 

Build Orders:  

Get SALT Encoding   

  12  0:00  SCV  
  13  0:12  SCV  
  14  0:17  Supply Depot  
  14  0:24  SCV  
  15  0:39  SCV  
  15  0:42  Barracks  
  16  0:44  Refinery  
  16  0:51  SCV  
  16  0:54  Refinery  
  17  1:03  SCV  
  18  1:15  SCV  
  19  1:29  Orbital Command, Reaper  
  20  1:34  Supply Depot  
  20  1:42  Factory  
  20  1:55  SCV  
  20  2:01  Reaper  
  22  2:07  SCV  
  23  2:19  Command Center  
  23  2:21  SCV  
  24  2:26  Hellion  
  26  2:33  SCV  
  28  2:39  Barracks Reactor  
  28  2:42  Starport  
  27  2:45  SCV  
  28  2:51  Supply Depot  
  28  2:52  Factory Tech Lab  
  28  2:57  SCV  
  29  3:10  SCV  
  30  3:13  Siege Tank  
  30  3:17  Marine x2  
  34  3:28  Medivac  
  34  3:31  SCV  
  37  3:35  Orbital Command, Marine x2  
  38  3:43  SCV  
  38  3:45  Supply Depot  
  38  3:48  Cyclone  
  42  3:55  SCV, Marine x2  
  45  4:00  Starport Tech Lab  
  45  4:06  SCV  
  45  4:07  SCV  
  47  4:12  Marine  
  47  4:13  Marine  
  47  4:15  Refinery  
  49  4:18  SCV  
  49  4:20  Siege Tank  
  53  4:26  SCV  
  53  4:28  Supply Depot  
  53  4:30  Marine x2  
  56  4:33  Banshee  
  56  4:34  Hyperflight Rotors  
  56  4:35  SCV  
  60  4:39  SCV  
  61  4:47  SCV  
  61  4:49  Marine x2  
  64  4:58  SCV  
  65  5:00  Supply Depot  
  65  5:05  SCV  
  65  5:06  Siege Tank  
  69  5:07  Marine  
  69  5:12  Supply Depot  
  70  5:15  SCV  
  70  5:17  Marine  
  70  5:19  SCV  
  67  5:25  Marine  
  67  5:27  SCV  
  63  5:30  Banshee  
  63  5:31  SCV  
  63  5:34  Marine  
  68  5:37  Command Center  
  68  5:39  SCV  
  69  5:43  SCV  
  69  5:45  Siege Tank  
  73  5:50  Marine  
  73  5:52  SCV, Marine  
  73  5:53  Barracks  
  73  5:55  SCV  
  77  6:01  Barracks  
  77  6:04  SCV  
  78  6:07  SCV  
  78  6:14  Banshee  
  78  6:16  SCV, Marine x2  
  84  6:19  SCV  
  85  6:27  Engineering Bay  
  85  6:28  SCV, Engineering Bay  
  85  6:29  Supply Depot  
  85  6:32  Refinery  
  86  6:39  SCV  
  86  6:48  Marine  
  86  6:49  Barracks Tech Lab x2  
  86  6:50  Marine  
  86  6:51  SCV, Siege Tank  
  86  6:53  SCV  
  92  6:58  Orbital Command, Terran Infantry Weapons Level 1  
  92  6:59  Terran Infantry Armor Level 1  
  92  7:03  SCV  
  93  7:09  SCV  
  93  7:11  Combat Shield, Stimpack  
  93  7:14  Marine x3  
  91  7:19  Orbital Command  
  91  7:22  SCV  
  92  7:24  Starport Reactor  
  92  7:25  Supply Depot  
  92  7:28  SCV, Marine  
  92  7:29  Siege Tank  
  93  7:33  Marine x2  
  93  7:34  SCV, Marine  
  97  7:40  SCV  
  98  7:46  SCV, Marine  
  98  7:50  SCV  
  101  7:51  Marine  
  101  7:52  Barracks x2  
  101  7:53  Armory  
  101  7:55  Marine x2  
  101  7:56  SCV  
  101  7:58  SCV  
  106  8:00  Supply Depot  
  106  8:04  Siege Tank  
  109  8:06  Marine  
  109  8:07  SCV  
  109  8:10  Medivac x2  
  109  8:12  SCV x2  
  117  8:14  Refinery  
  117  8:15  Refinery  
  117  8:21  SCV, Marine  
  117  8:23  Supply Depot  
  117  8:24  SCV  
  117  8:27  Command Center  
  120  8:31  Marine x2  
  122  8:37  SCV x3  
  125  8:42  Sensor Tower, Barracks Reactor x2  
  125  8:45  Terran Vehicle Weapons Level 1  
  125  8:46  Supply Depot  
  125  8:49  Supply Depot, SCV  
  125  8:50  Siege Tank  
  125  8:54  Medivac x2  
  133  8:56  Marine x2  
  133  8:59  SCV  
  133  9:01  Terran Infantry Weapons Level 2  
  136  9:06  Barracks Reactor x2  
  136  9:10  Terran Infantry Armor Level 2  
  136  9:15  Marine  
  137  9:20  Marine x4  
  137  9:22  SCV x3  
  142  9:24  Siege Tank, Medivac  
  142  9:27  Missile Turret  
  142  9:28  Missile Turret  
  142  9:31  Marine  
  148  9:41  SCV x2  
  148  9:43  Marine x9  
  159  9:48  SCV  
  159  9:50  Marine  
  161  9:52  Factory  
  161  9:53  Medivac  
  161  9:54  Medivac  
  165  10:00  Marine  
  165  10:01  Marine  
  165  10:04  Marine x7  
  145  10:08  Marine  
  145  10:13  Siege Tank  
  146  10:17  Planetary Fortress  
  146  10:18  Marine x2  
  146  10:19  SCV x3  
  146  10:20  Sensor Tower  
  151  10:21  Marine  
  151  10:22  Marine x3  
  155  10:32  Medivac  
  155  10:33  Marine x3, Medivac  
  155  10:35  Barracks  
  162  10:36  Barracks  
  162  10:38  Siege Tank  
  162  10:41  SCV x2  
  162  10:42  SCV, Marine, Barracks  
  169  10:45  Marine x3  
  169  10:49  Supply Depot  
  172  10:55  Marine  
  168  11:08  Marine  
  168  11:09  Marine x6  
  161  11:15  Marine x2  
  161  11:17  Siege Tank x2  
  161  11:20  Marine  
  146  11:28  Marine  
  143  11:33  Viking x2  
  143  11:34  Marine x11  
  143  11:37  Marine  
  158  11:46  Marine  
  157  11:49  Siege Tank  
  157  11:52  Marine x3  
  157  11:53  Marine x8  
  164  11:54  Siege Tank  
  164  11:55  Marine  
  164  11:57  Supply Depot  
  160  12:03  Viking x2  
  160  12:04  Marine  
  158  12:09  Marine  
  152  12:20  Marine x6  
  152  12:22  SCV  
  149  12:23  SCV x2  
  149  12:24  SCV  
  149  12:29  Marine x4  
  145  12:33  Marine x3, Viking x2  
  145  12:34  SCV  
  145  12:35  SCV  
  123  12:38  Marine x6  
  123  12:43  Siege Tank x2  
  129  12:47  Marine x4  
  129  12:50  Marine  
  124  12:51  Marine  
  121  13:00  Marine  
Show
View Real Time Build Order
Export as new Build Order

VITmaru Terran - Winner!

Build Orders: Gas First Reaper Expand, Hellion Opening 

Get SALT Encoding   

  12  0:00  SCV  
  13  0:12  SCV  
  14  0:17  Supply Depot  
  14  0:24  SCV  
  15  0:30  Refinery  
  15  0:39  SCV  
  16  0:45  Barracks  
  16  0:51  SCV  
  17  1:03  SCV  
  18  1:15  SCV  
  19  1:32  Orbital Command, Reaper  
  20  1:46  Command Center  
  20  1:57  Factory  
  20  2:00  SCV  
  21  2:08  Barracks Reactor  
  21  2:13  Supply Depot, SCV  
  22  2:19  Refinery  
  22  2:25  SCV  
  23  2:37  SCV  
  24  2:47  Hellion x2  
  24  2:49  SCV, Starport  
  29  2:58  Barracks Tech Lab  
  29  3:01  Orbital Command  
  29  3:05  SCV  
  30  3:12  Hellion  
  32  3:15  Hellion  
  33  3:25  SCV  
  34  3:28  SCV  
  34  3:31  Supply Depot  
  34  3:33  Raven  
  37  3:37  SCV  
  38  3:42  Hellion x2  
  38  3:44  SCV  
  38  3:45  Barracks Tech Lab  
  43  3:50  SCV  
  44  3:56  Supply Depot, SCV  
  44  3:58  Interference Matrix  
  46  4:02  SCV  
  46  4:08  Raven, SCV  
  49  4:18  Marine x2, Cyclone  
  49  4:20  SCV  
  49  4:21  SCV  
  56  4:31  Command Center  
  56  4:34  SCV x2  
  58  4:39  Supply Depot  
  58  4:40  Marine  
  59  4:46  SCV, Refinery  
  59  4:47  Raven  
  59  4:50  SCV  
  61  4:57  Marine  
  62  5:01  SCV  
  62  5:02  SCV  
  64  5:13  SCV  
  65  5:14  SCV  
  65  5:15  Siege Tank  
  65  5:16  Barracks  
  65  5:17  Barracks  
  59  5:30  SCV x2  
  59  5:37  Viking x2  
  59  5:40  Refinery  
  59  5:42  SCV  
  64  5:43  SCV, Engineering Bay x2  
  66  5:50  Orbital Command  
  66  5:53  Marine  
  66  5:54  SCV  
  66  5:56  Siege Tank  
  70  5:58  SCV  
  71  6:05  Barracks Reactor x2  
  71  6:06  SCV  
  71  6:10  SCV  
  73  6:13  Marine  
  73  6:18  Orbital Command, SCV  
  76  6:19  Supply Depot, Terran Infantry Weapons Level 1  
  76  6:20  Supply Depot  
  76  6:23  Terran Infantry Armor Level 1  
  75  6:26  SCV  
  75  6:30  Siege Tank  
  79  6:34  SCV, Marine  
  79  6:35  Supply Depot  
  81  6:42  Viking x2  
  81  6:45  SCV  
  81  6:46  SCV  
  88  6:49  Missile Turret  
  88  6:52  Marine  
  88  6:57  SCV  
  88  7:00  Marine x3  
  88  7:01  Marine  
  90  7:04  SCV  
  90  7:06  Siege Tank  
  89  7:10  Marine  
  89  7:12  SCV, Viking  
  89  7:14  Viking  
  92  7:16  Orbital Command, SCV  
  92  7:18  Marine x4, Stimpack  
  97  7:24  SCV  
  97  7:28  SCV, Marine  
  100  7:30  Sensor Tower  
  100  7:34  Barracks  
  100  7:35  Supply Depot, Barracks  
  100  7:36  Marine  
  101  7:37  SCV  
  101  7:43  Siege Tank  
  105  7:50  Supply Depot, SCV x2  
  107  7:52  SCV  
  108  7:58  Medivac x2  
  108  8:04  SCV, Armory  
  113  8:07  Marine  
  113  8:08  Marine x3  
  113  8:09  Missile Turret  
  113  8:12  SCV x2  
  119  8:17  Refinery x2  
  119  8:19  Supply Depot  
  119  8:21  Supply Depot, SCV  
  119  8:24  SCV x2  
  119  8:26  Barracks Reactor x2  
  122  8:32  Siege Tank  
  125  8:38  Supply Depot x2  
  125  8:41  SCV  
  126  8:42  Marine x4, Medivac  
  126  8:45  Medivac  
  134  8:50  SCV x2  
  134  8:53  SCV  
  137  8:57  Combat Shield  
  137  9:01  Terran Infantry Weapons Level 2  
  137  9:02  SCV, Terran Infantry Armor Level 2  
  138  9:03  Marine  
  138  9:04  Marine x6  
  141  9:17  Siege Tank  
  141  9:23  Terran Vehicle Weapons Level 1  
  144  9:25  Barracks  
  144  9:27  Barracks x2  
  144  9:28  Factory  
  144  9:30  Command Center  
  144  9:37  Marine  
  144  9:38  Marine x5  
  149  9:43  Liberator  
  152  9:46  Liberator  
  152  9:47  Missile Turret  
  152  9:51  Supply Depot  
  152  9:52  Supply Depot  
  155  9:55  Supply Depot  
  155  9:56  Supply Depot  
  155  9:58  Siege Tank  
  154  10:06  Marine x5  
  154  10:07  Marine x4  
  145  10:22  Barracks Reactor x2  
  145  10:23  Barracks Reactor  
  145  10:24  Marine x8  
  151  10:28  SCV x2  
  151  10:29  SCV  
  151  10:30  Siege Tank  
  151  10:34  Liberator x2, Barracks Reactor  
  163  10:36  Siege Tank  
  163  10:40  SCV  
  163  10:41  SCV x2  
  163  10:42  Marine  
  170  10:53  SCV x2  
  170  10:54  Marine  
  170  10:55  Marine x6  
  179  10:58  Marine x2  
  179  11:00  Marine  
  179  11:01  Marine x4  
  186  11:08  Planetary Fortress  
  183  11:12  Marine x5  
  183  11:13  Marine  
  183  11:17  Liberator  
  183  11:18  Marine x3  
  193  11:20  Siege Tank  
  195  11:29  Marine x2  
  197  11:36  Command Center  
  192  11:43  Marine  
  190  11:47  Marine  
  190  11:52  Marine x10  
  180  11:55  Siege Tank x2, Marine  
  180  11:59  Marine x3  
  190  12:01  Marine  
  190  12:05  Marine  
  185  12:10  Marine x7  
  192  12:16  Marine  
  192  12:17  Marine  
  190  12:25  Marine x4  
  190  12:27  Siege Tank  
  190  12:30  Marine x2  
  190  12:31  Siege Tank, Marine x3  
  190  12:33  Marine  
  190  12:35  Marine x5  
  190  12:36  Marine  
  172  12:42  Marine  
  172  12:43  Marine x3  
  173  12:47  Marine  
  173  12:48  Marine x3  
  173  12:49  Marine  
  173  12:51  Marine  
  175  12:53  Marine x5  
  175  12:54  Marine  
  180  13:00  Marine x2  
  180  13:01  Marine x2  
  179  13:05  Marine x2  
  179  13:06  Marine x3  
  179  13:08  Marine  
  193  13:12  SCV  
  193  13:13  SCV x2  
Tags
 
Add a new tag
Caveats
  • Supply blocks, unpowered buildings, or Contaminate may cause inaccurate times.
  • Supply counts are checked every 10 seconds.